[Event "Hastings Masters"]
[Site "Hastings/UK"]
[Date "2011.01.03"]
[Round "7.1"]
[White "Edouard, Romain"]
[Black "Prasanna, Rao"]
[Result "1-0"]
[ECO "C78"]
[WhiteElo "2620"]
[BlackElo "2400"]
[PlyCount "75"]
[EventDate "2011.??.??"]
[TimeControl "40/6000+30:20/3000+30:900+30"]

1. e4 e5 2. Nf3 Nc6 3. Bb5 a6 4. Ba4 Nf6 5. O-O b5 6. Bb3 Bc5 7. d3 d6 8. a4
Rb8 9. axb5 axb5 10. c3 Bb6 $6 ({This gives White a free hand to attack the
b5-pawn. More usual is} 10... O-O 11. d4 Bb6 {when Black has more pressure
against the white centre, as well as potential tactical tricks, such as
meeting Nxb5 with Bxd4, etc.}) 11. h3 h6 12. Na3 Bd7 13. Nxb5 Na5 14. Ba4 O-O
15. b4 Nc6 16. Na3 {In this particular version, Black has no visible
compensaion for his missing b-pawn.} Nh5 $2 17. Nc4 Qf6 18. Bxc6 Bxc6 19. Nfxe5
{Simply helping himself to another pawn. Prasanna fights on, but the game is
already over.} dxe5 20. Qxh5 Rfe8 21. Be3 Rbd8 22. Qe2 Bb5 23. Rfd1 Bxe3 24.
Nxe3 Qg6 25. Nd5 Bd7 26. Nxc7 Bxh3 27. Qf3 Bg4 28. Qg3 Bxd1 29. Qxg6 fxg6 30.
Nxe8 Bc2 31. Nc7 Rxd3 32. Nd5 Bb3 33. b5 Bxd5 34. exd5 Rxc3 35. b6 Rb3 36. d6
Kf7 37. Ra7+ Ke6 38. d7 1-0

[Event "Hastings Masters"]
[Site "Hastings/UK"]
[Date "2011.01.03"]
[Round "7.2"]
[White "Shyam, Sundar M"]
[Black "Howell, David"]
[Result "1/2-1/2"]
[ECO "D85"]
[WhiteElo "2414"]
[BlackElo "2616"]
[PlyCount "145"]
[EventDate "2011.??.??"]
[TimeControl "40/6000+30:20/3000+30:900+30"]

1. d4 Nf6 2. c4 g6 3. Nc3 d5 4. cxd5 Nxd5 5. Bd2 Bg7 6. e4 Nb6 7. Be3 O-O 8. h3
e5 9. Nf3 exd4 10. Bxd4 Qe7 11. Bxg7 Kxg7 12. Qd4+ f6 13. Qe3 Be6 14. Be2 Nc4
15. Bxc4 Bxc4 16. O-O-O Nd7 17. h4 h5 18. Rd4 Be6 19. e5 Bf5 20. exf6+ Qxf6 21.
Re1 Rad8 22. Qe7+ Qxe7 23. Rxe7+ Rf7 24. Rxf7+ Kxf7 25. Nd1 c5 26. Ra4 Bd3 27.
Ne3 Ke7 28. Nd5+ Kd6 29. Nf4 Bb5 30. Rxa7 Ba6 31. Nxg6 Kc6 32. Nge5+ Nxe5 33.
Nxe5+ Kb6 34. Rxa6+ Kxa6 35. f3 Rd4 36. g3 b5 37. Kc2 c4 38. b3 Kb6 39. Ng6 Rd3
40. bxc4 bxc4 41. Ne5 Rd4 42. a4 Kc5 43. a5 Rd6 44. Kc3 Kd5 45. f4 Rd8 46. g4
hxg4 47. Nxg4 Kc5 48. Ne5 Rg8 49. a6 Rg3+ 50. Kb2 Rb3+ 51. Kc2 Ra3 52. f5 Rxa6
53. f6 Kd5 54. Nd7 Ra2+ 55. Kc3 Ra3+ 56. Kb4 Rb3+ 57. Ka4 Rf3 58. h5 Kd6 59.
Nb6 Rxf6 60. Nxc4+ Kc5 61. Nd2 Kd4 62. Nb3+ Kc3 63. Na5 Rb6 64. h6 Rb4+ 65. Ka3
Rh4 66. Nb7 Rxh6 67. Ka4 Rb6 68. Na5 Rb4+ 69. Ka3 Rh4 70. Nb7 Kc4 71. Ka4 Rh5
72. Na5+ Rxa5+ 73. Kxa5 1/2-1/2

[Event "Hastings Masters"]
[Site "Hastings/UK"]
[Date "2011.01.03"]
[Round "7.3"]
[White "Istratescu, Andrei"]
[Black "Kotronias, Vasilios"]
[Result "1-0"]
[ECO "B88"]
[WhiteElo "2620"]
[BlackElo "2582"]
[PlyCount "113"]
[EventDate "2011.??.??"]
[TimeControl "40/6000+30:20/3000+30:900+30"]

1. e4 c5 2. Nf3 d6 3. d4 cxd4 4. Nxd4 Nf6 5. Nc3 Nc6 6. Bc4 e6 7. Be3 Be7 8. f4
a6 9. Bb3 O-O 10. Qf3 Nxd4 11. Bxd4 b5 12. O-O-O Bb7 13. a3 b4 14. axb4 a5 15.
b5 a4 16. Nxa4 Bxe4 17. Qe2 Rxa4 18. Bxa4 Qa8 19. b3 Bxg2 20. Rhg1 Bf3 21. Qd3
Bxd1 22. Rxd1 Ne4 23. b6 d5 24. f5 Qb8 25. fxe6 fxe6 26. Bd7 Qd6 27. Qb5 Bf6
28. Kb2 Ra8 29. b4 Rb8 30. b7 Bxd4+ 31. Rxd4 Kf7 32. Bc8 Ke7 33. Kb3 g5 34.
Rxe4 dxe4 35. Qxg5+ Kf7 36. Qh6 Qd5+ 37. Ka3 Qe5 38. Qe3 Ke7 39. h4 h6 40. Ka4
Kd6 41. c4 Kc6 42. b5+ Kc7 43. c5 Qa1+ 44. Kb3 Qb1+ 45. Kc4 Qa2+ 46. Qb3 Qe2+
47. Kd4 Qf2+ 48. Qe3 Qf6+ 49. Kxe4 Qf5+ 50. Kd4 Qd5+ 51. Kc3 e5 52. h5 Rxc8 53.
bxc8=Q+ Kxc8 54. Qd3 Qxc5+ 55. Qc4 Qc7 56. Kd3 e4+ 57. Kd4 1-0

[Event "Hastings Masters"]
[Site "Hastings/UK"]
[Date "2011.01.03"]
[Round "7.4"]
[White "Rendle, Thomas"]
[Black "Gormally, Daniel"]
[Result "0-1"]
[ECO "B23"]
[WhiteElo "2391"]
[BlackElo "2480"]
[PlyCount "80"]
[EventDate "2011.??.??"]
[TimeControl "40/6000+30:20/3000+30:900+30"]

1. e4 c5 2. Nc3 Nc6 3. Bb5 Nd4 4. Bc4 Nf6 5. Nge2 a6 6. d3 b5 7. Bb3 Nxb3 8.
axb3 Bb7 9. Bg5 e6 10. f4 Be7 11. O-O h6 12. Bh4 g5 13. Bg3 Nh5 14. f5 Nxg3 15.
Nxg3 Bf6 16. Kh1 Qe7 17. fxe6 dxe6 18. Qh5 Be5 19. Nd1 Rf8 20. Ne3 O-O-O 21.
Rab1 Bf4 22. Rf3 f5 23. exf5 Bxf3 24. Qxf3 Qb7 25. Qxb7+ Kxb7 26. fxe6 Rfe8 27.
Nef5 Rxe6 28. Ne4 Kb6 29. g3 Be5 30. Kg2 g4 31. Ne3 h5 32. Ng5 Ree8 33. Nf5 c4
34. bxc4 bxc4 35. dxc4 Rd2+ 36. Kh1 Bf6 37. h4 Re5 38. Rf1 Ree2 39. Ne3 Rh2+
40. Kg1 Bd4 0-1

[Event "Hastings Masters"]
[Site "Hastings/UK"]
[Date "2011.01.03"]
[Round "7.5"]
[White "Ashton, Adam"]
[Black "Hebden, Mark"]
[Result "1/2-1/2"]
[ECO "C88"]
[WhiteElo "2328"]
[BlackElo "2556"]
[PlyCount "177"]
[EventDate "2011.??.??"]
[TimeControl "40/6000+30:20/3000+30:900+30"]

1. e4 e5 2. Nf3 Nc6 3. Bb5 a6 4. Ba4 Nf6 5. O-O Be7 6. Re1 b5 7. Bb3 O-O 8. h3
Bb7 9. d3 d6 10. a3 Na7 11. Nbd2 c5 12. Nf1 Rc8 13. Ng3 Rc7 14. Nf5 Bc8 15.
Nxe7+ Qxe7 16. c3 Be6 17. Bc2 Nc6 18. b4 Rfc8 19. bxc5 dxc5 20. Be3 Rd8 21. Qb1
Rcd7 22. Ng5 c4 23. Nxe6 Qxe6 24. dxc4 Qxc4 25. Qb2 Rc8 26. Bb3 Qxe4 27. Bc2
Qc4 28. Bf5 Rdc7 29. Bxc8 Rxc8 30. a4 Ne4 31. axb5 axb5 32. Rec1 f6 33. Rab1
Rb8 34. Qb3 Qxb3 35. Rxb3 Na5 36. Rb4 Nc4 37. f3 Ng3 38. Kf2 Nf5 39. Bc5 Kf7
40. Rcb1 Ra8 41. Rxb5 Ra2+ 42. Kg1 Rc2 43. R5b3 h5 44. Bf2 h4 45. Re1 Nb2 46.
c4 Nxc4 47. Rbb1 Nd2 48. Rec1 Ra2 49. Ra1 Rb2 50. Ra7+ Kg6 51. Rac7 Nb1 52.
R7c2 Rb3 53. Rd1 Nc3 54. Rdc1 Nb5 55. Rd1 Nbd4 56. Bxd4 Nxd4 57. Rcd2 Ne6 58.
Kf2 Kf5 59. Rd3 Rb4 60. R3d2 g5 61. Rc2 Nd4 62. Rcd2 Ra4 63. Rb2 Kf4 64. Rdb1
Rc4 65. Re1 f5 66. Ra1 e4 67. fxe4 fxe4 68. Ra3 Nf5 69. Ra1 Ng3 70. Re1 Rc3 71.
Ra2 e3+ 72. Kg1 Rc4 73. Rb2 Rd4 74. Ra2 Re4 75. Ra5 g4 76. hxg4 Kxg4 77. Ra8
Nf5 78. Rg8+ Kh5 79. Kf1 Ng3+ 80. Rxg3 hxg3 81. Ke2 Kg4 82. Rf1 Ra4 83. Kxe3
Ra2 84. Rf4+ Kg5 85. Rb4 Rxg2 86. Kf3 Rg1 87. Rg4+ Kf5 88. Rxg3 Rxg3+ 89. Kxg3
1/2-1/2

[Event "Hastings Masters"]
[Site "Hastings/UK"]
[Date "2011.01.03"]
[Round "7.6"]
[White "Sengupta, Deep"]
[Black "Bellin, Robert"]
[Result "1-0"]
[ECO "B56"]
[WhiteElo "2527"]
[BlackElo "2365"]
[PlyCount "49"]
[EventDate "2011.??.??"]
[TimeControl "40/6000+30:20/3000+30:900+30"]

1. e4 c5 2. Nf3 d6 3. d4 cxd4 4. Nxd4 Nf6 5. Nc3 Bd7 6. Bg5 e6 7. Qd2 a6 8.
O-O-O h6 9. Be3 Ng4 10. f4 Nxe3 11. Qxe3 Be7 12. h4 b5 13. g4 b4 14. Nce2 Qb6
15. Qd2 a5 16. Bg2 Ra7 17. g5 a4 18. Kb1 Na6 19. e5 dxe5 20. fxe5 b3 21. cxb3
axb3 22. a3 Nb4 23. gxh6 Rxh6 24. Rh3 Qa6 25. Rxb3 1-0

[Event "Hastings Masters"]
[Site "Hastings/UK"]
[Date "2011.01.03"]
[Round "7.7"]
[White "Neverov, Valeriy"]
[Black "Radovanovic, Jovica"]
[Result "1/2-1/2"]
[ECO "E81"]
[WhiteElo "2544"]
[BlackElo "2329"]
[PlyCount "100"]
[EventDate "2011.??.??"]
[TimeControl "40/6000+30:20/3000+30:900+30"]

1. d4 Nf6 2. c4 g6 3. Nc3 Bg7 4. e4 d6 5. f3 O-O 6. Bg5 a6 7. Qd2 Nbd7 8. Nh3
c5 9. d5 b5 10. cxb5 Qb6 11. a4 axb5 12. Bxb5 Ba6 13. O-O Ra7 14. Bh6 Bxh6 15.
Qxh6 Bxb5 16. axb5 c4+ 17. Nf2 Rxa1 18. Rxa1 Ne8 19. Ra6 Qd4 20. Rc6 Nef6 21.
Ncd1 Rb8 22. Qe3 Qxe3 23. Nxe3 Ne5 24. Rc7 Rxb5 25. Nfd1 Rb4 26. Kf1 Kf8 27.
Rc8+ Kg7 28. Ke2 e6 29. dxe6 fxe6 30. Rc7+ Kf8 31. Nc2 Rb6 32. Nd4 d5 33. exd5
exd5 34. Kd2 Ned7 35. Kc3 h5 36. Ne3 Ke7 37. Rc8 Kf7 38. Ra8 Ke7 39. Ra5 Kd6
40. Nb5+ Kc6 41. Nc2 Nc5 42. Ncd4+ Kd7 43. Ra7+ Rb7 44. Ra8 Ne8 45. Kb4 Nd3+
46. Ka5 Nc7 47. Rg8 Nxb5 48. Nxb5 Kc6 49. Rc8+ Kd7 50. Rg8 Kc6 1/2-1/2

[Event "Hastings Masters"]
[Site "Hastings/UK"]
[Date "2011.01.03"]
[Round "7.8"]
[White "Hanssen, Gunnar Berg"]
[Black "Arghyadip, Das"]
[Result "0-1"]
[ECO "E99"]
[WhiteElo "2191"]
[BlackElo "2476"]
[PlyCount "74"]
[EventDate "2011.??.??"]
[TimeControl "40/6000+30:20/3000+30:900+30"]

1. c4 Nf6 2. Nf3 g6 3. Nc3 Bg7 4. e4 d6 5. d4 O-O 6. Be2 e5 7. O-O Nc6 8. d5
Ne7 9. Ne1 Nd7 10. f3 f5 11. Nd3 f4 12. g4 Bf6 13. Bd2 h5 14. h3 Bh4 15. Be1
Bxe1 16. Qxe1 g5 17. Rf2 Ng6 18. Rh2 Rf7 19. Qf2 Nf6 20. Ne1 Rh7 21. Rc1 Qe7
22. Bd1 Kg7 23. Rc2 Bd7 24. Kf1 b6 25. Qg1 Rah8 26. Rcf2 Rh6 27. Qh1 Kf8 28.
Kg1 a6 29. Be2 Nh4 30. Kf1 Qh7 31. Kg1 Ke7 32. Nb1 Qg8 33. Nd2 Qb8 34. Ng2 Ng6
35. Ne1 b5 36. b3 Qa7 37. Bd1 hxg4 0-1

[Event "Hastings Masters"]
[Site "Hastings/UK"]
[Date "2011.01.03"]
[Round "7.9"]
[White "Eggleston, David"]
[Black "Anwesh, Upadhyaya"]
[Result "0-1"]
[ECO "C54"]
[WhiteElo "2309"]
[BlackElo "2412"]
[PlyCount "151"]
[EventDate "2011.??.??"]
[TimeControl "40/6000+30:20/3000+30:900+30"]

1. e4 e5 2. Nf3 Nc6 3. Bc4 Bc5 4. c3 Nf6 5. d3 a6 6. Bb3 Ba7 7. O-O O-O 8. Re1
d6 9. h3 Ne7 10. Nbd2 Ng6 11. Nf1 Nh5 12. d4 Qe7 13. Bg5 Qe8 14. dxe5 h6 15.
Nh4 Nxh4 16. Bxh4 Qxe5 17. Ne3 Nf4 18. Bg3 Qg5 19. h4 Qf6 20. Qf3 Nd3 21. Qxf6
gxf6 22. Re2 Be6 23. Nd5 Bxd5 24. Bxd5 Rab8 25. Bb3 Rfe8 26. Kf1 Re7 27. Rd1
Nc5 28. Bc2 Rbe8 29. Rde1 Kg7 30. Bf4 Ne6 31. Bc1 Nf8 32. f4 Nd7 33. g3 Nc5 34.
b4 Nd7 35. Kg2 d5 36. Kf3 dxe4+ 37. Bxe4 Rb8 38. Bf5 Rxe2 39. Rxe2 Nb6 40. Be3
Ra8 41. a3 Nc4 42. Bxa7 Rxa7 43. Re7 b5 44. Be6 Nd6 45. Bd5 f5 46. Ke3 Kf8 47.
Rd7 a5 48. Kd3 Kg7 49. Bc6 Kf6 50. Kd4 axb4 51. axb4 Ke6 52. Rd8 Ra1 53. Rh8
Rd1+ 54. Ke3 Rc1 55. Rxh6+ Ke7 56. Kd2 Rg1 57. Rh8 Rxg3 58. Rb8 Rh3 59. h5 Kf6
60. Kc2 Rxh5 61. Bxb5 Rh4 62. c4 Rxf4 63. c5 Nxb5 64. Rxb5 Re4 65. Kd3 Re6 66.
Ra5 f4 67. b5 f3 68. Ra2 Kf5 69. Rb2 Kf4 70. b6 cxb6 71. cxb6 Rd6+ 72. Kc4 Rd8
73. b7 Rb8 74. Kd3 Kg3 75. Rb5 f2 76. Rb1 0-1

[Event "Hastings Masters"]
[Site "Hastings/UK"]
[Date "2011.01.03"]
[Round "7.10"]
[White "Wohl, Aleksandar H"]
[Black "Griffiths, Ryan Rhys"]
[Result "0-1"]
[ECO "A46"]
[WhiteElo "2375"]
[BlackElo "2249"]
[PlyCount "84"]
[EventDate "2011.??.??"]
[TimeControl "40/6000+30:20/3000+30:900+30"]

1. d4 Nf6 2. Nf3 e6 3. g3 b5 4. Qd3 a6 5. e4 Bb7 6. e5 Ne4 7. Bg2 d5 8. O-O c5
9. Nbd2 Qb6 10. c3 Nc6 11. Nxe4 dxe4 12. dxc5 exd3 13. cxb6 Bc5 14. Nd4 Bxd4
15. cxd4 O-O-O 16. Bxc6 Bxc6 17. Be3 Kb7 18. Rfd1 Bd5 19. Rxd3 Kxb6 20. a4 b4
21. a5+ Kb5 22. Bg5 Rd7 23. Rc1 Kxa5 24. Bd2 Be4 25. Re3 Rxd4 26. Be1 Bg6 27.
f3 Rhd8 28. Kf2 Kb5 29. g4 h5 30. h3 hxg4 31. hxg4 Rc4 32. Rxc4 Kxc4 33. f4 Bd3
34. f5 Rd4 35. fxe6 fxe6 36. Rf3 a5 37. Kg3 Kb3 38. Rf7 Kxb2 39. Rxg7 a4 40. g5
a3 41. Rb7 a2 42. Bxb4 a1=Q 0-1

[Event "Hastings Masters"]
[Site "Hastings/UK"]
[Date "2011.01.03"]
[Round "7.11"]
[White "Bates, Richard"]
[Black "Sergienko, Vladislav"]
[Result "1-0"]
[ECO "E62"]
[WhiteElo "2382"]
[BlackElo "2133"]
[PlyCount "81"]
[EventDate "2011.??.??"]
[TimeControl "40/6000+30:20/3000+30:900+30"]

1. d4 Nf6 2. Nf3 g6 3. g3 Bg7 4. Bg2 O-O 5. O-O d6 6. c4 Nc6 7. Nc3 Bf5 8. d5
Na5 9. Nd2 c5 10. e4 Bd7 11. a3 Ne8 12. Qc2 Rc8 13. Re1 a6 14. Bf1 b6 15. Rb1
e6 16. b3 Nc7 17. Bb2 e5 18. b4 Nb7 19. Nb3 f5 20. bxc5 Nxc5 21. Nxc5 bxc5 22.
exf5 gxf5 23. Na4 Rb8 24. Bc3 Na8 25. Rxb8 Qxb8 26. f4 e4 27. Bxg7 Kxg7 28. Rb1
Qc7 29. Nb6 Kf7 30. Nxd7 Qxd7 31. Bh3 Qc8 32. Re1 Re8 33. Rxe4 Rxe4 34. Qxe4
fxe4 35. Bxc8 a5 36. Bd7 Nb6 37. Bb5 Kf6 38. Kf2 Kf5 39. Ke3 h6 40. h3 h5 41.
a4 1-0

[Event "Hastings Masters"]
[Site "Hastings/UK"]
[Date "2011.01.03"]
[Round "7.12"]
[White "Ramnath Bhuvanesh, R."]
[Black "Britton, Richard"]
[Result "1/2-1/2"]
[ECO "B87"]
[WhiteElo "2387"]
[BlackElo "2229"]
[PlyCount "127"]
[EventDate "2011.??.??"]
[TimeControl "40/6000+30:20/3000+30:900+30"]

1. e4 c5 2. Nf3 d6 3. d4 cxd4 4. Nxd4 Nf6 5. Nc3 a6 6. Bc4 e6 7. Bb3 b5 8. O-O
Be7 9. Qf3 Qc7 10. Qg3 Nc6 11. Nxc6 Qxc6 12. Re1 Bb7 13. a3 Rd8 14. f3 O-O 15.
Bh6 Ne8 16. Rad1 Bf6 17. Kh1 Kh8 18. Bg5 Bxg5 19. Qxg5 Nf6 20. Rd2 Rd7 21. Red1
Rfd8 22. Rd4 Qc5 23. Qd2 Qc7 24. a4 Bc6 25. axb5 axb5 26. Qe1 h6 27. h3 Kg8 28.
R4d3 Re7 29. Na2 Red7 30. Nb4 Bb7 31. c3 Qc5 32. Rd4 Qg5 33. Qd2 Qxd2 34. R4xd2
Kf8 35. Bc2 Ba8 36. Bd3 Rb8 37. Bf1 Rb6 38. Ra1 Rd8 39. Ra5 Rdb8 40. Na6 R8b7
41. e5 Nd5 42. exd6 Ra7 43. Bxb5 Bb7 44. d7 Ke7 45. c4 Bxa6 46. Kg1 Kd8 47.
Rxa6 Raxa6 48. Bxa6 Rxa6 49. cxd5 Rd6 50. Kf2 exd5 51. Ke3 Kxd7 52. Kd4 Rc6 53.
b3 Kd6 54. Ra2 Rb6 55. Ra3 h5 56. Ra7 Ke6 57. Ra3 Kd6 58. Ra5 Rxb3 59. Rxd5+
Ke6 60. Rxh5 f5 61. Rh8 Kf6 62. Rf8+ Kg5 63. Ke5 Re3+ 64. Kd4 1/2-1/2

[Event "Hastings Masters"]
[Site "Hastings/UK"]
[Date "2011.01.03"]
[Round "7.13"]
[White "Swapnil, S Dhopade"]
[Black "Lock, Gavin R"]
[Result "1-0"]
[ECO "D46"]
[WhiteElo "2426"]
[BlackElo "2198"]
[PlyCount "115"]
[EventDate "2011.??.??"]
[TimeControl "40/6000+30:20/3000+30:900+30"]

1. d4 d5 2. c4 c6 3. Nc3 Nf6 4. e3 e6 5. Nf3 Nbd7 6. Qc2 Bd6 7. Bd3 O-O 8. O-O
h6 9. b3 b6 10. Bb2 Bb7 11. Rad1 Qc7 12. e4 dxe4 13. Nxe4 Nxe4 14. Bxe4 f5 15.
Bd3 c5 16. d5 Nf6 17. Rfe1 Rae8 18. dxe6 Ne4 19. Bxe4 fxe4 20. Rxe4 Bxe4 21.
Qxe4 Qe7 22. Qg6 Rd8 23. Re1 Rf4 24. Re3 Rdf8 25. Kf1 a6 26. Rd3 R8f6 27. Bxf6
Rxf6 28. Qe4 Rxe6 29. Qd5 Kh8 30. Re3 Rxe3 31. fxe3 Qf6 32. Ke2 Qg6 33. g3 Qc2+
34. Qd2 Qxd2+ 35. Kxd2 Kg8 36. Kd3 Kf7 37. Ke4 Ke6 38. g4 Be7 39. h3 Bf6 40.
Ne1 Bc3 41. Nd3 g5 42. Kf3 Bg7 43. Nf2 Bc3 44. Ne4 Bg7 45. Ng3 Ke5 46. Nf5 Bf6
47. Nxh6 b5 48. Nf5 Bd8 49. Ng3 Be7 50. Ne4 b4 51. Nf2 Bf8 52. Nd3+ Kf6 53. e4
Be7 54. e5+ Ke6 55. Ke4 Bf8 56. h4 gxh4 57. Nf4+ Kf7 58. Kf5 1-0

[Event "Hastings Masters"]
[Site "Hastings/UK"]
[Date "2011.01.03"]
[Round "7.14"]
[White "Knott, Simon JB"]
[Black "Grant, Alan"]
[Result "1/2-1/2"]
[ECO "A39"]
[WhiteElo "2333"]
[BlackElo "2219"]
[PlyCount "43"]
[EventDate "2011.??.??"]
[TimeControl "40/6000+30:20/3000+30:900+30"]

1. Nf3 Nf6 2. c4 c5 3. Nc3 Nc6 4. g3 g6 5. Bg2 Bg7 6. d4 cxd4 7. Nxd4 Nxd4 8.
Qxd4 O-O 9. O-O d6 10. Qd3 a6 11. Bd2 Rb8 12. Rac1 Bf5 13. e4 Bd7 14. Rfd1 b5
15. c5 b4 16. Nb1 Ng4 17. Bf4 Bb5 18. Qc2 Rc8 19. Bh3 Bd7 20. Qe2 Ne5 21. Bxd7
Qxd7 22. cxd6 1/2-1/2

[Event "Hastings Masters"]
[Site "Hastings/UK"]
[Date "2011.01.03"]
[Round "7.15"]
[White "Snape, Ian"]
[Black "Druckenthaner, Andreas"]
[Result "0-1"]
[ECO "A96"]
[WhiteElo "2233"]
[BlackElo "2301"]
[PlyCount "134"]
[EventDate "2011.??.??"]
[TimeControl "40/6000+30:20/3000+30:900+30"]

1. c4 f5 2. d4 Nf6 3. Nc3 e6 4. g3 Be7 5. Bg2 O-O 6. Nf3 d6 7. O-O Ne4 8. Qc2
Nxc3 9. Qxc3 Bf6 10. b3 Nc6 11. Bb2 e5 12. e3 g5 13. dxe5 dxe5 14. Rad1 Qe7 15.
h3 e4 16. Nd4 Ne5 17. Qa5 c5 18. Nb5 Nf3+ 19. Bxf3 Bxb2 20. Bg2 Be5 21. Nc3 Qg7
22. Nd5 b6 23. Qd2 Be6 24. Qe2 Rae8 25. Qh5 Bf7 26. Qe2 Be6 27. Qh5 Bf7 28. Qe2
Qh6 29. Qc2 Qg7 30. a3 Be6 31. b4 f4 32. exf4 gxf4 33. Qxe4 fxg3 34. f4 Bd4+
35. Rxd4 cxd4 36. Qf3 Kh8 37. Kh1 Bf5 38. Qh5 Re6 39. Qg5 Be4 40. Qxg7+ Kxg7
41. Bxe4 Rxe4 42. Kg2 Rc8 43. Kf3 Ree8 44. Rc1 d3 45. Rd1 Rxc4 46. Rxd3 Rd8 47.
Kxg3 Kf7 48. Kg4 Re4 49. Kf5 Re6 50. Rd1 h5 51. Rd3 h4 52. Rd1 Rf6+ 53. Ke5
Re6+ 54. Kd4 Red6 55. Ke5 Rg6 56. f5 Rg2 57. Rd4 Re2+ 58. Kf4 Rf2+ 59. Kg5 Rg8+
60. Kxh4 Rxf5 61. Nc7 Ke7 62. a4 Rf7 63. Rg4 Rh7+ 64. Kg3 Rxg4+ 65. hxg4 Kd6
66. Nb5+ Ke5 67. Kf3 a6 0-1

[Event "Hastings Masters"]
[Site "Hastings/UK"]
[Date "2011.01.03"]
[Round "7.16"]
[White "Salov, Sergei"]
[Black "Rolvag, Mikael"]
[Result "1/2-1/2"]
[ECO "B70"]
[WhiteElo "2271"]
[BlackElo "2179"]
[PlyCount "41"]
[EventDate "2011.??.??"]
[TimeControl "40/6000+30:20/3000+30:900+30"]

1. e4 c5 2. Nf3 Nc6 3. d4 cxd4 4. Nxd4 g6 5. Be2 Nf6 6. Nc3 Bg7 7. Nb3 O-O 8.
O-O d6 9. Bg5 Be6 10. Kh1 Rc8 11. f4 a6 12. Bf3 Bc4 13. Rf2 Re8 14. Rd2 Qc7 15.
Qe1 b5 16. Qh4 b4 17. Nd1 a5 18. Ne3 Bb5 19. Rad1 a4 20. Nc1 Qa7 21. Ng4
1/2-1/2

[Event "Hastings Masters"]
[Site "Hastings/UK"]
[Date "2011.01.03"]
[Round "7.17"]
[White "Eames, Robert"]
[Black "Jackson, James P"]
[Result "0-1"]
[ECO "B06"]
[WhiteElo "2287"]
[BlackElo "2146"]
[PlyCount "62"]
[EventDate "2011.??.??"]
[TimeControl "40/6000+30:20/3000+30:900+30"]

1. e4 g6 2. d4 Bg7 3. Nc3 d6 4. f4 a6 5. Nf3 b5 6. Bd3 Nd7 7. e5 c5 8. e6 fxe6
9. Ng5 Bxd4 10. Nxh7 Bxc3+ 11. bxc3 Nf8 12. Nxf8 Kxf8 13. Bxg6 Qb6 14. Qe2 Nf6
15. h4 Qc6 16. h5 Qd5 17. h6 Bb7 18. Rh2 Qc4 19. Qxc4 bxc4 20. h7 Kg7 21. f5
exf5 22. Bxf5 e6 23. Rb1 Bd5 24. Bh6+ Kf7 25. Bh3 Rxh7 26. Bg5 Rhh8 27. Rh1 Ne4
28. Bf4 Rab8 29. Rxb8 Rxb8 30. Ke2 e5 31. Be3 Ng3+ 0-1

[Event "Hastings Masters"]
[Site "Hastings/UK"]
[Date "2011.01.03"]
[Round "7.18"]
[White "Kaufeld, Juergen"]
[Black "Chkartina, Gerhana"]
[Result "1/2-1/2"]
[ECO "B07"]
[WhiteElo "2270"]
[BlackElo "2014"]
[PlyCount "145"]
[EventDate "2011.??.??"]
[TimeControl "40/6000+30:20/3000+30:900+30"]

1. e4 d6 2. d4 Nf6 3. Nc3 g6 4. g3 Bg7 5. Bg2 O-O 6. Nge2 Nc6 7. O-O e5 8. dxe5
Nxe5 9. h3 Be6 10. b3 Qe7 11. Be3 Rad8 12. f4 Nc6 13. Qd2 d5 14. e5 Ne4 15.
Nxe4 dxe4 16. Qc3 Qd7 17. Bc5 Rfe8 18. Kh2 Qd2 19. Rae1 Qxc3 20. Nxc3 Rd2 21.
Rf2 Rxf2 22. Bxf2 Nb4 23. Bxe4 Rd8 24. Re2 c6 25. a3 Nd5 26. Rd2 Rd7 27. Nxd5
cxd5 28. Bf3 b6 29. g4 f6 30. exf6 Bxf6 31. Be2 Bc3 32. Rd1 d4 33. Bd3 Bd5 34.
Kg3 Bf7 35. f5 g5 36. Be4 h6 37. h4 Kg7 38. hxg5 hxg5 39. Be1 Bxe1+ 40. Rxe1
Re7 41. Re2 Bd5 42. Bf3 Rxe2 43. Bxe2 Kf6 44. Bf3 Bf7 45. Kf2 Ke5 46. Ke1 Be8
47. Kd2 Bb5 48. a4 Ba6 49. Bg2 Bc8 50. b4 Bd7 51. b5 Be8 52. Kd3 Bf7 53. Bc6
Bg8 54. Bf3 Bf7 55. Be2 Bd5 56. c3 dxc3 57. Kxc3 Be4 58. Kc4 Bd5+ 59. Kb4 Be4
60. a5 Bd5 61. a6 Be4 62. Kc3 Bd5 63. Kd3 Be4+ 64. Ke3 Bd5 65. Bd3 Bf7 66. Bf1
Bd5 67. Be2 Bf7 68. Bf3 Bb3 69. Be2 Bd5 70. Kd3 Be4+ 71. Kc3 Bd5 72. Kd3 Be4+
73. Ke3 1/2-1/2

[Event "Hastings Masters"]
[Site "Hastings/UK"]
[Date "2011.01.03"]
[Round "7.19"]
[White "Sreeves, Clement"]
[Black "Furman, Boris"]
[Result "1/2-1/2"]
[ECO "A13"]
[WhiteElo "2104"]
[BlackElo "2237"]
[PlyCount "43"]
[EventDate "2011.??.??"]
[TimeControl "40/6000+30:20/3000+30:900+30"]

1. c4 e6 2. Nf3 Nf6 3. g3 d5 4. Bg2 d4 5. e3 c5 6. exd4 cxd4 7. O-O Nc6 8. Re1
Be7 9. d3 O-O 10. Na3 Nd7 11. Nc2 e5 12. Rb1 a5 13. b3 Re8 14. a3 Bf6 15. b4
axb4 16. axb4 Nb6 17. Nd2 Na4 18. Ne4 Be7 19. Qh5 g6 20. Qh6 Bf8 21. Qg5 Be7
22. Qh6 1/2-1/2

[Event "Hastings Masters"]
[Site "Hastings/UK"]
[Date "2011.01.03"]
[Round "7.20"]
[White "Royset, Paal Nikolaj"]
[Black "Zhou, Yang Fan"]
[Result "0-1"]
[ECO "B22"]
[WhiteElo "2152"]
[BlackElo "2348"]
[PlyCount "120"]
[EventDate "2011.??.??"]
[TimeControl "40/6000+30:20/3000+30:900+30"]

1. e4 c5 2. c3 d5 3. exd5 Qxd5 4. d4 Nf6 5. Nf3 Bg4 6. Qa4+ Bd7 7. Qb3 cxd4 8.
Nxd4 Nc6 9. Be3 Na5 10. Qxd5 Nxd5 11. Bd2 Rc8 12. Na3 e5 13. Ndc2 Nc6 14. Bc4
Nb6 15. Bb5 a6 16. Be2 Be6 17. O-O f5 18. Rfe1 Kf7 19. b3 Be7 20. c4 Rhd8 21.
Bc3 Nd7 22. Rad1 Nf6 23. Bf3 e4 24. Be2 Nd7 25. f3 Nc5 26. Rxd8 Rxd8 27. Rd1
Nd3 28. Kf1 Nf4 29. fxe4 Nxe2 30. Kxe2 Rxd1 31. Kxd1 fxe4 32. Ke2 Bc5 33. h3 g5
34. Nb1 g4 35. hxg4 Bxg4+ 36. Ke1 Ke6 37. Nd2 Bf5 38. Nf1 Bg6 39. b4 Bd6 40.
Nfe3 Be5 41. Kd2 h5 42. b5 Ne7 43. Bxe5 Kxe5 44. a4 Bf7 45. Kc3 h4 46. c5 axb5
47. axb5 Nd5+ 48. Nxd5 Kxd5 49. Kb4 Be6 50. b6 Bd7 51. Ne3+ Kd4 52. c6 Bxc6 53.
Nf5+ Kd3 54. Nxh4 e3 55. Ng6 e2 56. Nf4+ Ke3 57. Nxe2 Kxe2 58. g4 Kf3 59. g5
Be4 60. Kc5 Kf4 0-1

[Event "Hastings Masters"]
[Site "Hastings/UK"]
[Date "2011.01.03"]
[Round "7.21"]
[White "Almond, Richard"]
[Black "Kulkarni, Chinmay"]
[Result "0-1"]
[ECO "A55"]
[WhiteElo "2148"]
[BlackElo "2275"]
[PlyCount "122"]
[EventDate "2011.??.??"]
[TimeControl "40/6000+30:20/3000+30:900+30"]

1. d4 Nf6 2. c4 d6 3. Nf3 Nbd7 4. Nc3 e5 5. e4 Be7 6. Be2 O-O 7. O-O c6 8. Qc2
Qc7 9. Be3 Re8 10. Rfd1 Bf8 11. Rac1 Ng4 12. Bd2 Ngf6 13. Be3 h6 14. b4 a5 15.
a3 axb4 16. axb4 exd4 17. Nxd4 g6 18. Ra1 Rxa1 19. Rxa1 Bg7 20. Rd1 Kh7 21. Nb3
Ne5 22. f3 Be6 23. Na4 Nxc4 24. Bxc4 Bxc4 25. Qxc4 b5 26. Qc2 bxa4 27. Na5 d5
28. e5 Rxe5 29. Bd4 Re6 30. Qxa4 Qe7 31. Bf2 Qe8 32. Nb3 Nd7 33. Qa7 Ne5 34.
Nd4 Re7 35. Qa6 Nc4 36. Nxc6 Re6 37. b5 d4 38. Qa2 Ne3 39. Rb1 Nf5 40. Qc4 Nd6
41. Qd3 Nxb5 42. Qxb5 Rxc6 43. Rd1 Qc8 44. Qb1 Rc4 45. Kf1 Qc7 46. Bg1 Rc2 47.
Qb3 Qc6 48. Qd3 Rc3 49. Qe2 Qa4 50. Bf2 Rc2 51. Rd2 Rc1+ 52. Be1 Bf8 53. Qe4
Bg7 54. Qe2 Qc6 55. Qd3 Qc7 56. g3 Rc3 57. Qe2 Re3 58. Qd1 Qc4+ 59. Kg2 Ra3 60.
Bf2 d3 61. Be3 Ra1 0-1